 Dungeon Crawl Stone Soup version 0.30-b1-2-g02819fbbbe (webtiles) character file.

Game seed: 14125437316423609471

2789 py09dh the Basher (level 9, -3/74 HPs)
             Began as a Minotaur Fighter on Nov 30, 2023.
             Killed by divine providence
             ... invoked by an orc priest
              (14 damage)
             ... on level 7 of the Dungeon.
             The game lasted 00:39:27 (6564 turns).

py09dh the Basher (Minotaur Fighter)                Turns: 6564, Time: 00:39:28

Health: -3/74      AC: 12    Str: 24    XL:     9   Next: 43%
Magic:  8/8        EV:  6    Int:  5    God:
Gold:   779        SH:  5    Dex: 11    Spells: 8/8 levels left

rFire   . . .        a - +0 flail
rCold   . . .        c - +0 buckler
rNeg    + . .        e - +0 plate armour
rPois   .            (helmet restricted)
rElec   .            (no cloak)
rCorr   .            (no gloves)
SInv    .            (no boots)
Will    .....        (no amulet) Stlth
                     u - ring of positive energy
HPRegen 0.32/turn    (no ring)
MPRegen 0.11/turn

%: no passive effects
@: lethally poisoned (-3 -> -5), about to teleport
A: horns 2, retaliatory headbutt
a: no special abilities


You were on level 7 of the Dungeon.
You visited 1 branch of the dungeon, and saw 8 of its levels.

You collected 779 gold pieces.

Inventory:

Hand Weapons
 a - a +0 flail (weapon)
Missiles
 g - 50 stones (quivered)
 q - a throwing net
Armour
 c - a +0 buckler (worn)
 e - a +0 plate armour (worn)
Magical Staves
 p - a staff of earth
Jewellery
 s - an amulet of magic regeneration
 u - a ring of positive energy (left hand)
Wands
 d - a wand of light (4)
 k - a wand of mindburst (5)
Scrolls
 b - a scroll of amnesia
 h - a scroll of brand weapon
 m - 2 scrolls of teleportation
 o - a scroll of blinking
Potions
 f - a potion of berserk rage {unknown}
 i - a potion of might
 j - 2 potions of curing
 l - 2 potions of brilliance {unknown}
 n - 2 potions of cancellation {unknown}
 r - a potion of flight {unknown}
 t - a potion of attraction {unknown}
 w - a potion of heal wounds {unknown}


   Skills:
 - Level 5.0 Fighting
 + Level 14.3 Maces & Flails
 - Level 4.9 Armour
 - Level 5.0 Shields


You had 8 spell levels left.
You didn't know any spells.
Your spell library contained the following spells:

 Spells                   Type           Power      Damage    Failure   Level
 Blink                    Tloc           0%         N/A       100%        2
 Sublimation of Blood     Necr           0%         N/A       100%        2
 Manifold Assault         Tloc           0%         N/A       100%        4
 Petrify                  Tmut/Erth      0%         N/A       100%        4
 Irradiate                Conj/Tmut      0%         3d11      100%        5
 Simulacrum               Ice/Necr       0%         N/A       100%        6
 Ozocubu's Refrigeration  Ice            0%         4d7       100%        7
 Storm Form               Tmut/Air       0%         N/A       100%        7
 Polar Vortex             Ice            0%         N/A       100%        9


Dungeon Overview and Level Annotations

Branches:
Dungeon (8/15)
 Temple: D:4-7         Lair: D:8-11

Altars:
Cheibriados
Elyvilon
Hepliaklqana
Kikubaaqudgha
Ru
Sif Muna
Trog
Yredelemnul
The Shining One

Shops:
D:4 =

Annotations:
D:6 Maggie, Sigmund


Innate Abilities, Weirdness & Mutations

You have a pair of horns on your head.
You reflexively headbutt those who attack you in melee.


Message History

The water moccasin is almost dead.
You feel sick.
The water moccasin bites you but does no damage.
You completely miss the water moccasin.
The water moccasin is almost dead.
You feel sick.
The water moccasin bites you but does no damage.
You closely miss the water moccasin.
The water moccasin is almost dead.
You feel sick. The water moccasin bites you.
You are more poisoned.
The water moccasin poisons you!
You thump the water moccasin!
You kill the water moccasin!
You feel very sick.
You sock the orc!
You kill the orc!
You feel very sick.
No target in view!
You start resting.
You feel very sick.
An orc priest comes into view. It is wielding a +0 dagger.
You feel very sick.
The orc priest mumbles some strange prayers to Beogh against you.
Beogh smites you!
You hear a shout!
You feel sick.
You feel sick.
You feel sick.
The orc priest mumbles some strange prayers to Beogh against you.
Beogh smites you!
* * * LOW HITPOINT WARNING * * *
You hear a shout!
Okay, then.
As you read the scroll of teleportation, it crumbles to dust.
You feel strangely unstable.
You feel sick.
You feel sick.
The orc priest mumbles some strange prayers to Beogh against you.
Beogh smites you!
You die...

# o# ###.#
#.).# # ### #o#
# #.# #.#
###########.#
#.#
..........#.#
#@#
###......>..#
#.#
....#####.###
#.# ##### ##.##
#.# #
#####...#####.#
#
#.............#
#
#.###...#######
####.# ##.##
.....# #.#


You could see an orc priest.

Vanquished Creatures
  Pikel (D:6)
  A water moccasin (D:7)
  An ice beast (D:5)
  2 ogres
  3 black bears
  2 centaurs (D:5)
  A lemure (D:6)
  3 phantoms
  A kobold brigand (D:6)
  Blork the orc (D:6)
  2 bullfrogs (D:6)
  2 scorpions
  A howler monkey (D:5)
  4 quasits
  4 hounds
  2 orc priests (D:6)
  5 iguanas
  4 orc wizards
  Ijyb (D:4)
  11 adders
  7 shadow imps
  5 white imps
  2 ufetubi (D:4)
  A worm (D:3)
  4 dart slugs
  19 orcs
  12 endoplasms
  4 giant cockroaches
  6 goblins
  12 hobgoblins
  12 jackals
  2 quokkas
  4 ball pythons
  3 bats (D:2)
  3 frilled lizards
  16 kobolds
  7 rats
171 creatures vanquished.

Vanquished Creatures (others)
  5 demonic plants (D:5)
5 creatures vanquished.

Grand Total: 176 creatures vanquished

Notes
Turn   | Place    | Note
-------+----------+-------------------------------------------
     0 | D:1      | py09dh the Minotaur Fighter began the quest for the Orb.
     0 | D:1      | Reached XP level 1. HP: 19/19 MP: 0/0
    95 | D:1      | Reached XP level 2. HP: 27/27 MP: 1/1
   342 | D:1      | Found a faded altar of an unknown god.
   477 | D:1      | Reached XP level 3. HP: 23/33 MP: 2/2
   480 | D:1      | Reached skill level 3 in Maces & Flails
  1358 | D:2      | Reached XP level 4. HP: 41/41 MP: 3/3
  2130 | D:3      | Found a white marble altar of Elyvilon.
  2130 | D:3      | Found a hazy altar of Hepliaklqana.
  2380 | D:3      | Reached XP level 5. HP: 47/47 MP: 4/4
  2554 | D:3      | Found a basalt altar of Yredelemnul.
  2586 | D:4      | Noticed a black bear
  2604 | D:3      | Killed a black bear
  2605 | D:3      | Reached skill level 5 in Fighting
  2605 | D:3      | Reached skill level 4 in Maces & Flails
  2605 | D:3      | Reached skill level 5 in Shields
  2674 | D:4      | Found an ancient bone altar of Kikubaaqudgha.
  2785 | D:4      | Noticed a black bear
  2798 | D:3      | Killed a black bear
  2799 | D:3      | Reached skill level 5 in Maces & Flails
  2799 | D:3      | Reached XP level 6. HP: 56/56 MP: 5/5
  2895 | D:5      | Entered Level 5 of the Dungeon
  2895 | D:5      | Noticed Ijyb
  2974 | D:4      | Found a glowing golden altar of the Shining One.
  2986 | D:4      | Found Gaufev's Jewellery Shoppe.
  3304 | D:4      | Reached skill level 6 in Maces & Flails
  3412 | D:4      | Reached skill level 7 in Maces & Flails
  3412 | D:4      | Reached XP level 7. HP: 52/61 MP: 6/6
  3589 | D:4      | Reached skill level 8 in Maces & Flails
  3939 | D:4      | Killed Ijyb
  4192 | D:4      | Reached skill level 9 in Maces & Flails
  4606 | D:5      | Reached XP level 8. HP: 45/68 MP: 7/7
  4680 | D:5      | Found a shimmering blue altar of Sif Muna.
  4705 | D:5      | Found a sacrificial altar of Ru.
  4720 | D:5      | Reached skill level 10 in Maces & Flails
  4961 | D:5      | Found a bloodstained altar of Trog.
  5097 | D:5      | Reached skill level 11 in Maces & Flails
  5310 | D:5      | Reached skill level 12 in Maces & Flails
  5438 | D:5      | Found a snail-covered altar of Cheibriados.
  5613 | D:6      | Noticed Pikel
  5637 | D:6      | Killed Pikel
  5638 | D:6      | Reached skill level 13 in Maces & Flails
  5638 | D:6      | Reached XP level 9. HP: 52/74 MP: 8/8
  5714 | D:6      | Noticed Maggie
  5714 | D:6      | Noticed Sigmund
  6148 | D:6      | Noticed Blork the orc
  6171 | D:6      | Killed Blork the orc
  6307 | D:6      | Reached skill level 14 in Maces & Flails
  6564 | D:7      | Killed from afar by an orc priest

Illustrated notes

Levels and vault maps discovered:
D:1:      minmay_arrival_four_loops, layout_basic, basic_ecumenical_altar,
          corexii_hall_statues_x, minmay_misc_feat_x
D:2:      layout_basic, minmay_quantized
D:3:      layout_basic, nicolae_overflow_hidden_temple
D:4:      minmay_polygon_palace, layout_basic,
          mainiacjoe_overflow_concentric_impassable, tso_metal_star,
          serial_shops, nicolae_shop_gaudy_bauble
D:5:      minmay_opposing_rooms, layout_cave_pools, amcnicky_altar_gilded,
          lemuel_crystal_altar, mainiacjoe_overflow_big_doors, serial_demonic,
          serial_demonic_g, serial_demonic_a, serial_demonic_d,
          serial_demonic_c, serial_demonic_c, serial_demonic_c,
          hangedman_decor_peaks_small, uniq_ijyb
D:6:      layout_gridville, chequers_serial_rivers_small_3, minivault_5,
          uniq_pikel, uniq_maggie, uniq_blork_the_orc, uniq_sigmund
D:7:      minmay_the_grid_octo_triangle [minmay_the_grid_octo_focus,
          minmay_the_grid_octo_prize_ultimate_mussel_roller,
          minmay_the_grid_octo_odd_swirl], layout_loops_ring, fedhas_altar_1,
          lemuel_coloured_pillars_altar
D:8:      layout_cave_pools, minmay_shop_damaged

Skill      XL: |  1  2  3  4  5  6  7  8  9 |
---------------+----------------------------+-----
Fighting       | 4 5 |  5.0
Shields        | 4 5 |  5.0
Armour         | 4 |  4.9
Maces & Flails | 3 5 7 9 13 14 | 14.3

Action                     |  1- 3 |  4- 6 |  7- 9 || total
---------------------------+-------+-------+-------++-------
  Melee: Flail             |   103 |   118 |   274 ||   495
         Headbutt          |    15 |    22 |    47 ||    84
  Throw: Stone             |       |       |     6 ||     6
    Use: Scroll            |       |       |    12 ||    12
         Potion            |       |       |     3 ||     3
 Armour: Scale mail        |    46 |    57 |    39 ||   142
         Plate armour      |       |       |   118 ||   118
  Dodge: Dodged            |    49 |    62 |    94 ||   205
  Block: Buckler           |    18 |    44 |    70 ||   132
